 Dungeon Crawl Stone Soup version 0.20.0-15-g7f486f2 (webtiles) character file.

1074 theemperora the Cudgeler (level 8, -5/48 HPs)
             Began as a Gargoyle Fighter on June 9, 2017.
             Was a Believer of Trog.
             Killed from afar by an orc wizard (6 damage)
             ... with a magic dart
             ... on level 6 of the Dungeon.
             The game lasted 00:22:11 (5086 turns).

theemperora the Cudgeler (Gargoyle Fighter)         Turns: 5086, Time: 00:22:12

Health: -5/48      AC: 18    Str: 22    XL:     8   Next: 29%
Magic:  8/8        EV:  6    Int:  8    God:    Trog [**....]
Gold:   328        SH: 10    Dex: 10    Spells: 7/7 levels left

rFire    . . .     SeeInvis .   x - +3 mace (crush)
rCold    . . .     Gourm    .   c - +0 shield
rNeg     + . .     Faith    .   n - +3 chain mail {MR+}
rPois    ∞         Spirit   .   (no helmet)
rElec    +         Reflect  .   (no cloak)
rCorr    .         Harm     .   (no gloves)
MR       ++...                  (no boots)
Stlth    ..........             (no amulet)
Regen    0.2/turn               j - ring of protection from magic
MPRegen  0.2/turn               (no ring)

@: no status effects
A: negative energy resistance 1, electricity resistance, unbreathing,
petrification resistance, rot immunity, AC +5
a: Berserk, Trog's Hand, Burn Spellbooks, Renounce Religion


You were on level 6 of the Dungeon.
You worshipped Trog.
Trog was pleased with you.
You were not hungry.

You visited 1 branch of the dungeon, and saw 6 of its levels.

You collected 328 gold pieces.

Inventory:

Hand Weapons
 a - a +1 flail
 i - a +2 dagger of venom
 k - a +2 dagger of venom
 m - a +1 hunting sling of flaming
 o - a +0 mace
 x - a +3 mace of crushing (weapon)
 C - a +1 flail of protection
Missiles
 e - 187 stones (quivered)
Armour
 b - a +0 scale mail
 c - a +0 shield (worn)
 n - a +3 chain mail of magic resistance (worn)
 q - a +0 chain mail
Magical Staves
 l - an uncursed staff of cold
 B - an uncursed staff of wizardry {unknown}
Jewellery
 j - a ring of protection from magic (left hand)
Wands
 v - a wand of scattershot (5/9)
 y - a wand of iceblast (10/15)
Scrolls
 r - 2 scrolls of identify
 u - 2 scrolls of remove curse
 w - 2 scrolls of magic mapping
 D - 2 scrolls of fear {unknown}
Potions
 d - 2 potions of might
 p - a potion of cancellation {unknown}
 s - a potion of brilliance {unknown}
 z - a potion of flight {unknown}
 A - 2 potions of lignification {unknown}
Comestibles
 f - 4 bread rations
 g - 8 fruits
 h - 4 meat rations
 t - 2 royal jellies


   Skills:
 * Level 4.7 Fighting
 * Level 6.4 Maces & Flails
 * Level 5.6 Armour
 * Level 6.3 Shields


You had 7 spell levels left.
You didn't know any spells.

Dungeon Overview and Level Annotations

Branches:
Dungeon (6/15)
 Temple: D:4-7

Altars:
Kikubaaqudgha
Makhleb
Trog
Xom


Innate Abilities, Weirdness & Mutations

You are resistant to torment.
Your stone body is resilient. (AC +5)
You are immune to poison.
You resist negative energy. (rN+)
You are resistant to electric shocks. (rElec)
You can survive without breathing.
You are immune to petrification.
You are immune to rotting.


Message History

You closely miss something. You block something's attack.
Your shield and chain mail prevent you from hitting something.
Something hits you but does no damage. Something completely misses you.
You hit something. Something hits you but does no damage.
You block something's attack.
You closely miss something.
You hear some strange, mumbled words.
A magic dart appears from out of thin air!
The magic dart hits you!
* * * LOW HITPOINT WARNING * * *
You hear some strange, mumbled words.
A puff of frost appears from out of thin air!
The puff of frost hits you!
* * * LOW HITPOINT WARNING * * *
You miss something.
Your shield and chain mail prevent you from hitting something.
You hear some strange, mumbled words.
A magic dart appears from out of thin air!
The magic dart hits you!
You die...

#### ...# ##. ...# #.....
...# #..... ...#
#...###########'
...########....##........
.........................
.................{.......
................@)..#####
#...>..........)).......#
#...###.................#
....'.#.................#
#...#.#.................#
......#.................#
.##...#..................
.##...####..........####.
......####..).....###


There were no monsters in sight!

Vanquished Creatures
  Grinder (D:3)
  An orc warrior (D:6)
  An ogre (D:4)
  3 vampire bats (D:5)
  A crimson imp (D:5)
  A jelly (D:5)
  A hound (D:6)
  A bullfrog skeleton (D:5)
  Jessica (D:3)
  An iguana (D:4)
  An orc wizard (D:4)
  2 worker ants
  A hound skeleton (D:4)
  6 gnolls
  12 adders
  3 oozes
  2 worms
  3 dart slugs
  4 leopard geckos
  25 orcs
  3 ball pythons
  4 bat skeletons (D:5)
  2 bat zombies (D:5)
  A giant cockroach (D:1)
  12 goblins
  8 hobgoblins
  5 jackals
  4 quokkas
  3 bats
  7 frilled lizards
  8 kobolds
  A leopard gecko skeleton (D:5)
  11 rats
140 creatures vanquished.

Notes
Turn   | Place    | Note
-------+----------+-------------------------------------------
     0 | D:1      | theemperora the Gargoyle Fighter began the quest for the Orb.
     0 | D:1      | Reached XP level 1. HP: 14/14 MP: 1/1
   317 | D:1      | Reached XP level 2. HP: 19/19 MP: 2/2
  1125 | D:1      | Reached XP level 3. HP: 21/23 MP: 3/3
  1247 | D:2      | Found a shimmering altar of Xom.
  1336 | D:2      | Reached XP level 4. HP: 24/28 MP: 4/4
  2015 | D:3      | Reached XP level 5. HP: 27/33 MP: 5/5
  2045 | D:3      | Found a bloodstained altar of Trog.
  2314 | D:3      | Noticed Grinder
  2318 | D:3      | Noticed Jessica
  2325 | D:3      | Found a burning altar of Makhleb.
  2333 | D:3      | Killed Jessica
  2336 | D:3      | Killed Grinder
  2336 | D:3      | Reached XP level 6. HP: 19/38 MP: 6/6
  2337 | D:3      | Reached skill level 5 in Shields
  2683 | D:3      | Became a worshipper of Trog the Wrathful
  2948 | D:4      | Reached XP level 7. HP: 32/43 MP: 7/7
  3140 | D:4      | Reached skill level 5 in Maces & Flails
  3487 | D:4      | Reached skill level 5 in Armour
  3844 | D:4      | Reached * piety under Trog
  4125 | D:5      | Entered Level 5 of the Dungeon
  4283 | D:5      | HP: 1/43 [acid (7)]
  4930 | D:5      | Found an ancient bone altar of Kikubaaqudgha.
  4942 | D:5      | Reached XP level 8. HP: 46/48 MP: 8/8
  5058 | D:6      | Reached ** piety under Trog
  5084 | D:6      | HP: 1/48 [something/puff of frost (5)]
  5086 | D:6      | Killed from afar by an orc wizard

Skill      XL: |  1  2  3  4  5  6  7 |
---------------+----------------------+-----
Maces & Flails | 3 4 6 |  6.4
Armour         | 4 5 |  5.6
Shields        | 4 5 6 |  6.3
Fighting       | 4 |  4.7

Action                   |  1- 3 |  4- 6 |  7- 9 || total
-------------------------+-------+-------+-------++-------
Melee: Flail             |   116 |   287 |    66 ||   469
       Mace              |       |       |   136 ||   136
  Use: Scroll            |     3 |     2 |     5 ||    10
       Potion            |       |     2 |     3 ||     5
  Eat: Fruit             |     1 |       |       ||     1
       Meat ration       |       |     1 |     1 ||     2
       Chunk             |       |     1 |       ||     1
       Bread ration      |       |     1 |       ||     1
Armor: Scale mail        |    81 |    48 |       ||   129
       Chain mail        |       |   166 |   263 ||   429
Dodge: Dodged            |    44 |    96 |    80 ||   220
Block: Shield            |    72 |   198 |   197 ||   467
